 Dungeon Crawl Stone Soup version 0.28.0-47-ge53b351184 (webtiles) character file.

Game seed: 8309165324105845886

8 nickcage the Sneak (level 2, 0/13 HPs)
             Began as a Spriggan Enchanter on May 2, 2022.
             Slain by a bat (1 damage)
             ... on level 1 of the Dungeon.
             The game lasted 00:01:51 (245 turns).

nickcage the Sneak (Spriggan Enchanter)              Turns: 245, Time: 00:01:51

Health: 0/13       AC:  2    Str:  4    XL:     2   Next: 0%
Magic:  6/6        EV: 17    Int: 16    God:
Gold:   42         SH:  0    Dex: 15    Spells: 6/6 levels left

rFire   . . .      SeeInvis +   d - +1 dagger (venom)
rCold   . . .      Faith    .   (no shield)
rNeg    . . .      Spirit   .   b - +0 robe
rPois   .          Reflect  .   (helmet restricted)
rElec   .          Harm     .   (no cloak)
rCorr   .          Rampage  .   (gloves unavailable)
Will    .....                   (boots unavailable)
Stlth   +++.......              (no amulet)
HPRegen 0.04/turn               (no ring)
MPRegen 0.10/turn               (no ring)

@: very quick
A: very small, no large weapons, unfitting armour, see invisible, speed 3
a: no special abilities


You were on level 1 of the Dungeon.
You visited 1 branch of the dungeon, and saw 1 of its levels.

You collected 42 gold pieces.

Inventory:

Hand Weapons
 a - a +1 dagger
 d - a +1 dagger of venom (weapon)
Missiles
 h - 2 poisoned darts (quivered)
Armour
 b - a +0 robe (worn)
Scrolls
 e - a scroll of fear {unknown}
 g - a scroll of magic mapping {unknown}
 i - a scroll of amnesia {unknown}
Potions
 c - a potion of invisibility
 f - a potion of attraction {unknown}


   Skills:
 - Level 1.1 Short Blades
 - Level 2.6 Dodging
 - Level 4.4 Stealth
 - Level 2.6 Spellcasting
 + Level 4.3 Hexes


You had 6 spell levels left.
You didn't know any spells.
Your spell library contained the following spells:

 Spells                   Type           Power      Damage    Failure   Level
 Confusing Touch          Hex            16%        N/A       10%         3
 Tukima's Dance           Hex            16%        N/A       10%         3
 Ensorcelled Hibernation  Hex/Ice        18%        N/A       12%         2
 Dazzling Flash           Conj/Hex       18%        N/A       24%         3
 Stone Arrow              Conj/Erth      4%         3d7       50%         3
 Animate Armour           Summ/Erth      4%         N/A       88%         4
 Lehudib's Crystal Spear  Conj/Erth      1%         10d2      100%        8


Dungeon Overview and Level Annotations

Branches:
Dungeon (1/15)

Altars:


Innate Abilities, Weirdness & Mutations

You are very small and have problems with some larger weapons.
You are too small for most types of armour.
You have supernaturally acute eyesight. (SInv)
You cover ground extremely quickly. (Speed+++)


Message History

You have reached level 2!
You see here 4 poisoned darts.
h - 4 poisoned darts You now have 27 gold pieces (gained 6).
You open the door.
Found a long sword.
Found a stone staircase leading down.
There is an open door here.
You now have 42 gold pieces (gained 15).
You see here a +0 long sword.
i - a scroll labelled HUECZOMUHO You see here a +0 long sword.
There is a stone staircase leading down here.
A kobold and a bat come into view.
The kobold shouts!
The bat closely misses you. The bat hits you but does no damage.
You throw a poisoned dart.
The poisoned dart closely misses the kobold.
The bat closely misses you. The kobold barely misses you.
You throw a poisoned dart.
The poisoned dart closely misses the kobold.
The bat misses you. The kobold barely misses you.
You closely miss the kobold. The bat hits you but does no damage.
The kobold hits you with a +0 short sword.
You hit the kobold but do no damage. The bat barely misses you.
The kobold hits you with a +0 short sword.
You are too injured to fight recklessly!
You are too injured to fight recklessly!
You are too injured to fight recklessly!
You are too injured to fight recklessly!
You closely miss the kobold. The bat closely misses you.
The kobold hits you with a +0 short sword.
* * * LOW HITPOINT WARNING * * *
You miss the kobold. The bat hits you but does no damage.
The kobold closely misses you.
You hit the kobold but do no damage.
The kobold is poisoned.
The bat barely misses you.
The kobold hits you with a +0 short sword.
* * * LOW HITPOINT WARNING * * *
You barely miss the kobold. The bat closely misses you. The bat hits you.
You die...

.. .. # .# #. .#
##(####.#
####..K....#
......b@...#
#########..#
#.## #
#.######## .
#......... .
##### #.########
### #...#
#.......# #..
#...#
#.......######..
#...#
#>......'.......


You could see a bat and a kobold (very poisoned).

Vanquished Creatures
  2 goblins (D:1)
  A hobgoblin (D:1)
  2 ball pythons (D:1)
  3 rats (D:1)
8 creatures vanquished.

Notes
Turn   | Place    | Note
-------+----------+-------------------------------------------
     0 | D:1      | nickcage the Spriggan Enchanter began the quest for the
                  | Orb.
     0 | D:1      | Reached XP level 1. HP: 9/9 MP: 5/5
   182 | D:1      | Reached XP level 2. HP: 13/13 MP: 6/6
   245 | D:1      | Slain by a bat

Illustrated notes

Levels and vault maps discovered:
D:1:      dpeg_arrival_ratfight, layout_basic,
          dilly_ecumenical_altar_fadedgnrine

Skill      XL: |  1 |
---------------+----+-----
Hexes          | 4 |  4.3
Short Blades   | |  1.1
Dodging        | |  2.6
Stealth        | |  4.4
Spellcasting   | |  2.6

Action                   || total
-------------------------++-------
Melee: Dagger            ||    14
Throw: Dart              ||     2
 Stab: Sleeping          ||     6
Armor: Robe              ||     3
Dodge: Dodged            ||    10
